 Dungeon Crawl Stone Soup version 0.28.0-53-g5a82cb258f (webtiles) character file.

Game seed: 5218120539923166903

14 bnorton916 the Firebug (level 2, -1/15 HPs)
             Began as a Deep Elf Fire Elementalist on June 9, 2022.
             Slain by a gnoll
             ... wielding a +2 halberd of freezing
              (16 damage)
             ... on level 2 of the Dungeon.
             The game lasted 00:00:52 (1390 turns).

bnorton916 the Firebug (Deep Elf Fire Elementalist) Turns: 1390, Time: 00:00:52

Health: -1/15      AC:  2    Str:  5    XL:     2   Next: 27%
Magic:  8/8        EV: 12    Int: 19    God:
Gold:   26         SH:  0    Dex: 15    Spells: 4/7 levels left

rFire   . . .      SeeInvis .   (no weapon)
rCold   . . .      Faith    .   (no shield)
rNeg    . . .      Spirit   .   a - +0 robe
rPois   .          Reflect  .   (no helmet)
rElec   .          Harm     .   (no cloak)
rCorr   .          Rampage  .   (no gloves)
Will    .....                   (no boots)
Stlth   ++........              (no amulet)
HPRegen 0.05/turn               (no ring)
MPRegen 0.11/turn               (no ring)

@: no status effects
A: no striking features
a: no special abilities


You were on level 2 of the Dungeon.
You visited 1 branch of the dungeon, and saw 2 of its levels.

You collected 26 gold pieces.

Inventory:

Missiles
 b - 9 stones
Armour
 a - a +0 robe (worn)
Scrolls
 c - a scroll of identify {unknown}


   Skills:
 - Level 2.4 Dodging
 - Level 2.4 Stealth
 + Level 3.4 Spellcasting
 + Level 1.7 Conjurations
 + Level 3.5 Fire Magic
 + Level 0.1 Ice Magic


You had 4 spell levels left.
You knew the following spells:

 Your Spells              Type           Power      Damage    Failure   Level
a - Foxfire               Conj/Fire      52%        2x1d6     4%          1
b - Scorch                Fire           32%        2d7       4%          2

Your spell library contained the following spells:

 Spells                   Type           Power      Damage    Failure   Level
 Freeze                   Ice            12%        1d4       14%         1
 Conjure Flame            Conj/Fire      13%        6-21      14%         3
 Inner Flame              Hex/Fire       10%        N/A       22%         3
 Stone Arrow              Conj/Erth      12%        3d7       30%         3
 Frozen Ramparts          Ice            6%         1d2       38%         3
 Flame Wave               Conj/Fire      13%        2d6       43%         4
 Hailstorm                Conj/Ice       6%         3d4       69%         4
 Animate Armour           Summ/Erth      6%         N/A       82%         4
 Lehudib's Crystal Spear  Conj/Erth      3%         10d2      100%        8


Dungeon Overview and Level Annotations

Branches:
Dungeon (2/15)

Altars:


Message History

Confirm with . or Enter, or press ? or * to list all spells.
You conjure some foxfire!
Casting: Foxfire (safe; 4% risk of failure)
Confirm with . or Enter, or press ? or * to list all spells.
You conjure some foxfire!
Your foxfire dissipates!
Your foxfire dissipates!
Your foxfire dissipates!
Your foxfire dissipates!
Partly explored, can't reach some places.
Partly explored, can't reach some places.
Partly explored, can't reach some places.
Partly explored, can't reach some places.
Casting: Foxfire (safe; 4% risk of failure)
Confirm with . or Enter, or press ? or * to list all spells.
You conjure some foxfire!
Casting: Foxfire (safe; 4% risk of failure)
Confirm with . or Enter, or press ? or * to list all spells.
You conjure some foxfire!
Your foxfire dissipates! x2
Casting: Foxfire (safe; 4% risk of failure)
Confirm with . or Enter, or press ? or * to list all spells.
You conjure some foxfire!
Your foxfire dissipates!
Your foxfire dissipates!
Your foxfire dissipates!
Your foxfire dissipates!
Partly explored, can't reach some places.
Partly explored, can't reach some places.
Partly explored, can't reach some places.
(D) Dungeon
Where to? (? - help)
There is a stone staircase leading down here.
You climb downwards.
There is a stone staircase leading up here.
There are monsters nearby!
The gnoll shouts! x2; You hear a shout!
The gnoll hits you with a +2 halberd of freezing!
Ouch! That really hurt!
You die...

#..# # #..#
###. #..#
.....#..#
...#..##
.....
####.#..#####
.......@gg..#
........##g##
.....##.#
#### #.. #.#
#.# #.# #.#


You could see 3 gnolls.

Vanquished Creatures
  A bat (D:1)
  A giant cockroach (D:1)
  A kobold (D:1)
  3 quokkas (D:1)
  4 ball pythons (D:1)
  A frilled lizard (D:1)
  A rat (D:1)
12 creatures vanquished.

Vanquished Creatures (others)
  79 foxfires (D:1)
79 creatures vanquished.

Grand Total: 91 creatures vanquished

Notes
Turn   | Place    | Note
-------+----------+-------------------------------------------
     0 | D:1      | bnorton916 the Deep Elf Fire Elementalist began the quest
                  | for the Orb.
     0 | D:1      | Reached XP level 1. HP: 10/10 MP: 6/6
   591 | D:1      | Reached XP level 2. HP: 15/15 MP: 0/8
   690 | D:1      | Learned a level 2 spell: Scorch
  1278 | D:1      | Found a faded altar of an unknown god.
  1390 | D:2      | Slain by a gnoll

Illustrated notes

Levels and vault maps discovered:
D:1:      saegor_arrival_simple_e, layout_basic,
          shapermc_ecumenical_altar_mp_vishouse, lemuel_another_geyser
D:2:      layout_basic, due_unseen_surprise, uniq_natasha

Action                   || total
-------------------------++-------
 Cast: Foxfire           ||    45
Dodge: Dodged            ||     5
